AoeStats
← willrhyd

MegaRandom

509192739Analyzed
3v3 RM · 6d ago on Sep 25, 2026· 40m 25s· 6 players
Game mode
Random Map
Map size
Normal (6 player)
Population
200
Speed
Normal
Resources
Standard
Victory
Conquest
Starting age
Dark Age
Ending age
Imperial Age
RankedLock teamsTeams togetherTeam positionsShared explorationLock speedFull tech treeHidden civsTurbo modeCheats
Victory
Defeat
🇬🇧 Persians · United Kingdom
1412
+9
🇩🇪 Saxons · Germany
1353
+11
🇨🇿 Tatars · Czechia
1304
+13
🇨🇴 Mongols · Colombia
1277
-12
🇨🇴 Poles · Colombia
1245
-11
🇦🇷 Italians · Argentina
1209
-10
Tonix
10:31 Feudal Age
14:59 Castle Age
13:49 Double-Bit Axe
14:23 Fletching
21:41 Bodkin Arrow
23:21 Bloodlines
28:16 Loom
29:05 Padded Archer Armor
29:42 Gold Mining
30:34 Husbandry
31:49 Bow Saw
33:23 Leather Archer Armor
34:47 Wheelbarrow
35:04 Ballistics
37:04 Gold Shaft Mining
willrhyd
8:54 Feudal Age
9:51 Double-Bit Axe
11:06 Loom
20:03 Gold Mining
22:48 Castle Age
20:46 Horse Collar
20:58 Fletching
21:51 Padded Archer Armor
22:54 Bloodlines
23:26 Bow Saw
23:14 Bodkin Arrow
24:23 Husbandry
25:24 Parthian Tactics
26:15 Leather Archer Armor
29:37 Ballistics
31:33 Thumb Ring
34:16 Wheelbarrow
37:40 Imperial Age
36:51 Hand Cart
37:40 Scale Barding Armor
37:45 Forging
38:58 Chain Barding Armor
38:01 Cavalier
39:59 Heavy Plow
40:56 Plate Barding Armor
40:56 Iron Casting
mat.hey
6:39 Loom
9:02 Feudal Age
7:22 Loom
10:23 Double-Bit Axe
15:38 Fletching
20:36 Castle Age
19:40 Scale Mail Armor
19:41 Padded Archer Armor
20:41 Horse Collar
20:52 Gold Mining
21:33 Pikeman
22:18 Bodkin Arrow
21:55 Crossbowman
29:33 Ballistics
32:37 Gambesons
33:46 Chain Mail Armor
38:08 Wheelbarrow
37:45 Bow Saw
JAGR | HIPERYON
6:13 Loom
10:07 Feudal Age
10:34 Double-Bit Axe
10:31 Horse Collar
18:19 Gold Mining
21:57 Castle Age
22:17 Bloodlines
22:54 Wheelbarrow
22:05 Town Watch
22:46 Light Cavalry
23:27 Husbandry
23:46 Bow Saw
24:09 Heavy Plow
25:07 Scale Barding Armor
25:35 Forging
28:17 Chain Barding Armor
29:35 Iron Casting
33:39 Hand Cart
JAGR fran
7:17 Loom
9:23 Feudal Age
10:18 Double-Bit Axe
11:51 Horse Collar
12:16 Padded Archer Armor
12:18 Fletching
21:24 Castle Age
21:29 Crossbowman
22:27 Bodkin Arrow
39:44 Wheelbarrow
39:34 Town Watch
39:50 Gold Mining
40:32 Leather Archer Armor
40:28 Thumb Ring
JAGR | juankof
6:57 Loom
9:13 Feudal Age
14:42 Forging
17:26 Double-Bit Axe
17:51 Scale Barding Armor
20:20 Gold Mining
24:48 Castle Age
23:01 Fletching
23:35 Horse Collar
25:43 Bodkin Arrow
Connection lost

Rejoining the realm…

Still unreachable

The connection could not be restored.

Session expired

The server has moved on; the page needs a fresh start.